 Dungeon Crawl Stone Soup version 0.20-a0-1020-g7b9e4fe (webtiles) character file.

833 JeffiDaFish the Shield-Bearer (level 7, -1/44 HPs)
             Began as a Gargoyle Fighter on Apr 18, 2017.
             Slain by an ogre
             ... wielding a +0 giant spiked club
              (25 damage)
             ... on level 4 of the Dungeon.
             The game lasted 00:08:38 (3663 turns).

JeffiDaFish the Shield-Bearer (Gargoyle Fighter)    Turns: 3663, Time: 00:08:38

Health: -1/44      AC: 15    Str: 19    XL:     7   Next: 98%
Magic:  6/6        EV:  8    Int: 11    God:
Gold:   308        SH:  9    Dex:  9    Spells: 6/6 levels left

rFire    . . .     SeeInvis .   a - +0 flail
rCold    . . .     Gourm    .   c - +0 shield
rNeg     + . .     Faith    .   b - +0 scale mail
rPois    ∞         Spirit   .   (no helmet)
rElec    +         Reflect  .   (no cloak)
rCorr    .         Harm     .   (no gloves)
MR       .....                  (no boots)
Stlth    ..........             (no amulet)
Regen    0.2/turn               j - +3 ring of protection
MPRegen  0.1/turn               (no ring)

@: no status effects
A: clever 1, clumsy 1, low mp 1, negative energy resistance 1, electricity
resistance, unbreathing, petrification resistance, rot immunity, subdued magic
1, AC +4
a: no special abilities


You were on level 4 of the Dungeon.
You were not hungry.

You visited 1 branch of the dungeon, and saw 4 of its levels.

You collected 308 gold pieces.

Inventory:

Hand Weapons
 a - a +0 flail (weapon)
Armour
 b - a +0 scale mail (worn)
 c - a +0 shield (worn)
Jewellery
 j - a +3 ring of protection (left hand)
Scrolls
 e - a scroll of fog
 i - 6 scrolls of identify
Potions
 d - a potion of might
Comestibles
 f - 3 bread rations
 g - a chunk of flesh
 h - 3 royal jellies
 k - 3 fruits


   Skills:
 + Level 5.3 Fighting
 + Level 5.1 Maces & Flails
 + Level 4.8 Armour
 + Level 1.9 Dodging
 + Level 0.8 Stealth
 + Level 5.6 Shields


You had 6 spell levels left.
You didn't know any spells.

Dungeon Overview and Level Annotations

Branches:
Dungeon (4/15)
 Temple: D:4-7

Altars:
Elyvilon
Hepliaklqana
Vehumet


Innate Abilities, Weirdness & Mutations

You are resistant to torment.
Your stone body is resilient. (AC +4)
You are immune to poison.
You resist negative energy. (rN+)
You are resistant to electric shocks. (rElec)
You can survive without breathing.
You are immune to petrification.
You are immune to rotting.
Your mind is acute. (Int +2)
You are clumsy. (Dex -2)
Your magical capacity is low. (-10% MP)
Your spells are a little easier to cast, but a little less powerful.


Message History

You open the door.
An ogre comes into view. It is wielding a giant spiked club.
The ogre shouts!
The ogre moves out of view.
The ogre is too close now for your liking.
There is an open door here.
You hit the ogre.
The ogre is lightly wounded.
The ogre hits you with a giant spiked club!
You barely miss the ogre.
The ogre is lightly wounded.
The ogre closely misses you.
You hit the ogre.
The ogre is lightly wounded.
The ogre hits you with a giant spiked club.
You barely miss the ogre.
The ogre is lightly wounded.
The ogre hits you with a giant spiked club!!
Ouch! That really hurt!
You die...

.. #....
..###############....
#...................
#...................
#...................
#...................
#...................
#...................
###@#######'########
#.O.....#......#
#.......#......#
#.......#......#
#.......#......#
##########....##
##.......##....#
#....
+..............#
#....
#............(.#


You could see an ogre.

Vanquished Creatures
  The ghost of DarkwingDuck the Cudgeler, an amateur MiFi (D:4)
  An ogre (D:4)
  2 big kobolds (D:3)
  A howler monkey (D:4)
  An orc wizard (D:3)
  Jessica (D:3)
  10 gnolls
  4 adders
  5 dart slugs
  3 leopard geckos
  2 orcs (D:3)
  7 giant cockroaches
  35 goblins
  36 hobgoblins
  9 jackals (D:3)
  A quokka (D:2)
  7 bats
  7 frilled lizards
  3 kobolds
  7 rats
143 creatures vanquished.

Notes
Turn   | Place    | Note
-------+----------+-------------------------------------------
     0 | D:1      | JeffiDaFish the Gargoyle Fighter began the quest for the Orb.
     0 | D:1      | Reached XP level 1. HP: 14/14 MP: 1/1
   267 | D:1      | Reached XP level 2. HP: 19/19 MP: 2/2
  1022 | D:2      | Reached XP level 3. HP: 24/24 MP: 3/3
  1264 | D:2      | Reached XP level 4. HP: 23/29 MP: 4/4
  1370 | D:2      | You fall through a shaft!
  1801 | D:3      | Reached XP level 5. HP: 28/33 MP: 5/5
  2073 | D:3      | Reached skill level 1 in Dodging
  2252 | D:3      | Reached XP level 6. HP: 31/39 MP: 6/6
  2479 | D:3      | Reached XP level 7. HP: 26/44 MP: 7/7
  2834 | D:3      | Found a hazy altar of Hepliaklqana.
  2863 | D:3      | Noticed Jessica
  2871 | D:3      | Killed Jessica
  2937 | D:3      | Found a radiant altar of Vehumet.
  2937 | D:3      | Found a white marble altar of Elyvilon.
  2973 | D:3      | Gained mutation: You are clumsy. (Dex -2) [potion of mutation]
  2973 | D:3      | Gained mutation: Your spells are a little easier to cast, but a little less powerful. [potion of mutation]
  2973 | D:3      | Gained mutation: Your magical capacity is low. (-10% MP) [potion of mutation]
  2973 | D:3      | Gained mutation: Your mind is acute. (Int +2) [potion of mutation]
  3339 | D:4      | Noticed DarkwingDuck's ghost (amateur MiFi)
  3353 | D:4      | Killed DarkwingDuck's ghost
  3353 | D:4      | Reached skill level 5 in Fighting
  3353 | D:4      | Reached skill level 5 in Shields
  3584 | D:4      | Reached skill level 5 in Maces & Flails
  3663 | D:4      | Slain by an ogre

Vault maps used:
D:1:      ncdulo_halloftheorcs, serial_bayou_lake_a
D:2:      first_bread
D:3:      minmay_goblin_kobold_castle, overflow_temple_1_default,
          gammafunk_temple_overflow_wave, minmay_misc_feat_plants, uniq_jessica

Skill      XL: |  1  2  3  4  5  6  7 |
---------------+----------------------+-----
Fighting       | 4 5 |  5.3
Maces & Flails | 3 4 5 |  5.1
Armour         | 4 |  4.8
Shields        | 4 5 |  5.6
Dodging        | 1 |  1.9
Stealth        | |  0.8

Action                   |  1- 3 |  4- 6 |  7- 9 || total
-------------------------+-------+-------+-------++-------
Melee: Flail             |   133 |   363 |   103 ||   599
  Use: Scroll            |     5 |       |     2 ||     7
       Potion            |     3 |       |     4 ||     7
  Eat: Chunk             |     1 |     5 |     5 ||    11
Armor: Scale mail        |    77 |   388 |    67 ||   532
Dodge: Dodged            |    45 |   234 |    46 ||   325
Block: Shield            |    49 |   323 |    70 ||   442
